 Dungeon Crawl Stone Soup version 0.30-a0-715-gdb4ae3ece1 (webtiles) character file.

Game seed: 10316676351755063108

288 purpskrrrp the Trooper (level 6, 0/48 HPs)
             Began as a Demonspawn Fighter on Jan 25, 2023.
             Succumbed to a water moccasin's poison
             ... on level 4 of the Dungeon.
             The game lasted 00:04:35 (3600 turns).

purpskrrrp the Trooper (Demonspawn Fighter)         Turns: 3600, Time: 00:04:36

Health: 0/48       AC:  8    Str: 19    XL:     6   Next: 9%
Magic:  6/6        EV:  9    Int: 11    God:
Gold:   106        SH:  5    Dex: 12    Spells: 5/5 levels left

rFire   + . .      SeeInvis .    a - +0 war axe
rCold   + . .      Faith    .    c - +0 buckler
rNeg    . . .      Spirit   .    b - +1 scale mail
rPois   .          Reflect  .    (helmet restricted)
rElec   .          Harm     .    p - scarf {rC+ rF+}
rCorr   .          Rampage  .    (no gloves)
Will    .....                    (no boots) Stlth
                                 (no amulet)
HPRegen 0.28/turn                (no ring)
MPRegen 0.20/turn                (no ring)

@: lethally poisoned (0 -> -14), hasted, very quick
A: horns 1, magic regeneration, big brain 1
a: no special abilities


You were on level 4 of the Dungeon.
You visited 1 branch of the dungeon, and saw 4 of its levels.

You collected 106 gold pieces.

Inventory:

Hand Weapons
 a - a +0 war axe (weapon)
Missiles
 n - 3 curare-tipped darts
Armour
 b - a +1 scale mail (worn)
 c - a +0 buckler (worn)
 p - a scarf of resistance (worn)
Jewellery
 j - a ring of willpower
 s - a +5 ring of evasion
Scrolls
 h - 2 scrolls of teleportation
 m - 2 scrolls of identify
 o - a scroll of torment {unknown}
Potions
 d - a potion of attraction
 f - a potion of resistance {unknown}
 g - a potion of haste
 i - a potion of degeneration {unknown}
 k - 3 potions of curing {unknown}
 l - a potion of berserk rage {unknown}
 q - a potion of mutation {unknown}
 r - 3 potions of brilliance {unknown}


   Skills:
 + Level 4.2 Fighting
 + Level 3.2 Axes
 + Level 3.9 Armour
 + Level 3.8 Shields


You had 5 spell levels left.
You didn't know any spells.
Your spell library was empty.

Dungeon Overview and Level Annotations

Branches:
Dungeon (4/15)
 Temple: D:4-7

Altars:
Cheibriados
Kikubaaqudgha
Qazlal

Annotations:
D:3 3 runed translucent doors, wormed's ghost, amateur GnWn


Innate Abilities, Weirdness & Mutations

You have a pair of small horns on your head.
You regenerate magic rapidly.
You have an unusually large brain. (Int +2)


Message History

You feel sick. You block the water moccasin's attack.
The water moccasin closely misses you.
You hit the water moccasin but do no damage.
Your headbutt misses the water moccasin.
The water moccasin is almost dead.
You feel sick. You block the water moccasin's attack.
Okay, then.
You miss the water moccasin.
The water moccasin is almost dead.
You feel sick. The water moccasin closely misses you.
You closely miss the water moccasin.
Your headbutt misses the water moccasin.
The water moccasin is almost dead.
You feel sick.
You are no longer poisoned.
The water moccasin bites you but does no damage. x2
You barely miss the water moccasin.
The water moccasin is almost dead.
The water moccasin bites you but does no damage.
You miss the water moccasin.
The water moccasin is almost dead.
The water moccasin bites you but does no damage.
The water moccasin closely misses you.
You closely miss the water moccasin.
The water moccasin is almost dead.
The water moccasin bites you but does no damage.
You closely miss the water moccasin.
Your headbutt misses the water moccasin.
The water moccasin is almost dead.
The water moccasin barely misses you.
You closely miss the water moccasin.
The water moccasin is almost dead.
The water moccasin bites you.
* * * LOW HITPOINT WARNING * * *
You are lethally poisoned!
The water moccasin poisons you!
You barely miss the water moccasin.
Your headbutt misses the water moccasin.
The water moccasin is almost dead.
You die...

. .. ...
....
.....######
.........S#
.......<@.#
..........#
......(...#
###########


You could see a water moccasin.

Vanquished Creatures
  Crazy Yiuf (D:2)
  An orc priest (D:3)
  Terence (D:2)
  Jessica (D:2)
  An iguana (D:3)
  An orc wizard (D:3)
  6 adders (D:2)
  A worm (D:3)
  3 orcs (D:3)
  6 endoplasms
  2 giant cockroaches
  5 goblins
  9 hobgoblins
  4 jackals (D:3)
  4 quokkas
  4 ball pythons
  3 bats
  7 frilled lizards
  7 kobolds
  3 rats
70 creatures vanquished.

Notes
Turn   | Place    | Note
-------+----------+-------------------------------------------
     0 | D:1      | purpskrrrp the Demonspawn Fighter began the quest for the
                  | Orb.
     0 | D:1      | Reached XP level 1. HP: 18/18 MP: 1/1
    75 | D:1      | Gained mutation: You regenerate magic rapidly. [demonic
                  | ancestry]
    75 | D:1      | Reached XP level 2. HP: 24/24 MP: 2/2
  1142 | D:2      | Gained mutation: You have a pair of small horns on your
                  | head. [demonic ancestry]
  1142 | D:2      | Reached XP level 3. HP: 29/29 MP: 3/3
  1225 | D:2      | Noticed Terence
  1231 | D:2      | Killed Terence
  1232 | D:2      | Reached XP level 4. HP: 12/36 MP: 4/4
  1587 | D:2      | Noticed Jessica
  1595 | D:2      | Killed Jessica
  1821 | D:2      | Found a runed translucent door.
  1822 | D:2      | Noticed Crazy Yiuf
  1933 | D:2      | Gained mutation: You have an unusually large brain. (Int
                  | +2) [demonic ancestry]
  1933 | D:2      | Reached XP level 5. HP: 42/42 MP: 5/5
  2260 | D:2      | Killed Crazy Yiuf
  2261 | D:2      | Reached skill level 4 in Fighting
  2439 | D:3      | Noticed wormed's ghost (amateur GnWn)
  2452 | D:3      | Found a runed translucent gate.
  2452 | D:3      | Found a runed translucent gate.
  2452 | D:3      | Found a runed translucent gate.
  2689 | D:3      | Found a snail-covered altar of Cheibriados.
  2751 | D:3      | Found an ancient bone altar of Kikubaaqudgha.
  2751 | D:3      | Found a stormy altar of Qazlal.
  2973 | D:3      | HP: 1/42 [iguana (7)]
  2977 | D:3      | Reached XP level 6. HP: 13/48 MP: 6/6
  3573 | D:4      | Noticed a water moccasin
  3600 | D:4      | Succumbed to a water moccasin's poison

Illustrated notes

Levels and vault maps discovered:
D:1:      noname_arrival_rooms_in_the_neighbourhood, layout_basic
D:2:      layout_basic, uniq_jessica, uniq_crazy_yiuf_cottage, uniq_terence
D:3:      layout_basic, lemuel_crystal_altar, gammafunk_temple_overflow_pools,
          gammafunk_ghost_split
D:4:      layout_gridville, minmay_temple_entry_glassed_door

Skill      XL: |  1  2  3  4  5 |
---------------+----------------+-----
Axes           | 2 3 |  3.2
Shields        | 3 |  3.8
Armour         | 3 |  3.9
Fighting       | 4 |  4.2

Action                     |  1- 3 |  4- 6 || total
---------------------------+-------+-------++-------
  Melee: War axe           |    78 |   158 ||   236
         Headbutt          |     2 |    19 ||    21
    Use: Scroll            |     4 |     1 ||     5
         Potion            |     1 |     3 ||     4
 Armour: Scale mail        |    32 |    91 ||   123
  Dodge: Dodged            |    25 |    88 ||   113
  Block: Buckler           |    14 |    39 ||    53

Table legend: (Time is in decaauts)
 A = Elapsed time spent in this place.
 B = Non-inter-level travel time spent in this place.
 C = Inter-level travel time spent in this place.
 D = Time resting spent in this place.
 E = Time spent auto-exploring this place.
 F = Levels seen in this place.
 G = Mean time per level.
                   A        B        C        D        E       F      G
               +--------+--------+--------+--------+--------+-----+--------+
         Total |   3677 |   3586 |     91 |    555 |   2433 |   4 |  919.2 |
       Dungeon |   3677 |   3586 |     91 |    555 |   2433 |   4 |  919.2 |
               +--------+--------+--------+--------+--------+-----+--------+

Top non-repeatable levels by time:
     D:3: 1276 daAuts
     D:2: 1205 daAuts
     D:1: 1165 daAuts
     D:4: 29 daAuts
